Workbook
Name Check_Locked: Tables!$F$15
Name Currencies_Table: Tables!$A$2:$B$166
Name Currency: Tables!$A$2:$A$166
Name DataEntry: Summary!$B$2,Summary!$B$3,Summary!$E$5,Summary!$E$6,Summary!$A$22,Summary!$C$22,Summary!$E$22,Summary!$E$24,Summary!$C$24,Summary!$A$24,Summary!$B$25
Name IC_SheetPercent: 'Indirect Costs'!$B$24
Name Version_Code: Tables!$F$14
Name Yes_No: Tables!$G$2:$H$3

Sheet Summary
A1: PROPOSED BUDGET AND TIMETABLE
A2: Project Title:
A3: Proponent Institution:
A4: PROPOSED BUDGET AND TIMETABLE
A5: Project working currency (currency used by the Proponent in its book of accounts): | E5: US Dollar | I5: =IF(E5="","",VLOOKUP(E5,Currencies_Table,2,FALSE)) -> USD
A6: Duration of research project (in months): | E6: 24
A7: BUDGET SUMMARY (based on the attached budget forms in the Project Working Currency)
A8: Budget category | B8: Year 1 1st Half | C8: Year 1 2nd Half | D8: Year 2 | E8: Year 3 | F8: Year 4 | G8: Year 5 | H8: Total | I8: Percent
A9: Personnel Costs | B9: =tbPersonnel4[[#Totals],[Year 1 1st Half]] -> 0 | C9: =tbPersonnel4[[#Totals],[Year 1 2nd Half]] -> 0 | D9: =tbPersonnel4[[#Totals],[Year 2]] -> 0 | E9: =tbPersonnel4[[#Totals],[Year 3]] -> 0 | F9: =tbPersonnel4[[#Totals],[Year 4]] -> 0 | G9: =tbPersonnel4[[#Totals],[Year 5]] -> 0 | H9: =SUM(B9:G9) -> 0 | I9: =IF(($H$17=0),0,H9/$H$17) -> 0
A10: Research Costs | B10: ='Research Costs'!B22 -> 0 | C10: ='Research Costs'!C22 -> 0 | D10: ='Research Costs'!D22 -> 0 | E10: ='Research Costs'!E22 -> 0 | F10: ='Research Costs'!F22 -> 0 | G10: ='Research Costs'!G22 -> 0 | H10: =SUM(B10:G10) -> 0 | I10: =IF(($H$17=0),0,H10/$H$17) -> 0
A11: Equipment | B11: =Equipment!B22 -> 0 | C11: =Equipment!C22 -> 0 | D11: =Equipment!D22 -> 0 | E11: =Equipment!E22 -> 0 | F11: =Equipment!F22 -> 0 | G11: =Equipment!G22 -> 0 | H11: =SUM(B11:G11) -> 0 | I11: =IF(($H$17=0),0,H11/$H$17) -> 0
A12: Monitoring and Evaluation | B12: ='Monitoring & Evaluation'!B19 -> 0 | C12: ='Monitoring & Evaluation'!C19 -> 0 | D12: ='Monitoring & Evaluation'!D19 -> 0 | E12: ='Monitoring & Evaluation'!E19 -> 0 | F12: ='Monitoring & Evaluation'!F19 -> 0 | G12: ='Monitoring & Evaluation'!G19 -> 0 | H12: =SUM(B12:G12) -> 0 | I12: =IF(($H$17=0),0,H12/$H$17) -> 0
A13: Knowledge Sharing and Research | B13: =tbInternationalTravel[[#Totals],[Year 1 1st Half]] -> 0 | C13: =tbInternationalTravel[[#Totals],[Year 1 2nd Half]] -> 0 | D13: =tbInternationalTravel[[#Totals],[Year 2]] -> 0 | E13: =tbInternationalTravel[[#Totals],[Year 3]] -> 0 | F13: =tbInternationalTravel[[#Totals],[Year 4]] -> 0 | H13: =SUM(B13:G13) -> 0 | I13: =IF(($H$17=0),0,H13/$H$17) -> 0
A14: Matching Support (If any) | B14: ='Knowledge Sharing and Research '!B23 -> 0 | C14: ='Knowledge Sharing and Research '!C23 -> 0 | D14: ='Knowledge Sharing and Research '!D23 -> 0 | E14: ='Knowledge Sharing and Research '!E23 -> 0 | F14: ='Knowledge Sharing and Research '!F23 -> 0 | G14: ='Knowledge Sharing and Research '!G23 -> 0 | H14: =SUM(B14:G14) -> 0 | I14: =IF(($H$17=0),0,H14/$H$17) -> 0
A15: Direct Research Costs | B15: =SUM(B9:B14) -> 0 | C15: =SUM(C9:C14) -> 0 | D15: =SUM(D9:D14) -> 0 | E15: =SUM(E9:E14) -> 0 | F15: =SUM(F9:F14) -> 0 | G15: =SUM(G9:G14) -> 0 | H15: =SUM(H9:H14) -> 0 | I15: =IF(($H$17=0),0,H15/$H$17) -> 0
A16: Indirect Costs | B16: ='Indirect Costs'!B22 -> 0 | C16: ='Indirect Costs'!C22 -> 0 | D16: ='Indirect Costs'!D22 -> 0 | E16: ='Indirect Costs'!E22 -> 0 | F16: ='Indirect Costs'!F22 -> 0 | G16: ='Indirect Costs'!G22 -> 0 | H16: =SUM(B16:G16) -> 0 | I16: =IF(($H$15=0),0,H16/$H$15) -> 0
A17: Total | B17: =SUM(B15:B16) -> 0 | C17: =SUM(C15:C16) -> 0 | D17: =SUM(D15:D16) -> 0 | E17: =SUM(E15:E16) -> 0 | F17: =SUM(F15:F16) -> 0 | G17: =SUM(G15:G16) -> 0 | H17: =SUM(H15:H16) -> 0
A19: OFFICIAL REQUEST
A20: We hereby certify that this budget proposal, and all its accompanying detailed budget submission forms, correctly and fairly reflect the financial plan of the proposed project, and more specifically the portion proposed for IDRC support. We further certify that our institution will administer the grant as per IDRC’s terms and conditions (which are appended to this application as Part 2).
A21: Name of Project Leader: | C21: Job Title: | E21: Signature
A23: Name of person authorized to sign for institution (Legal Signatory): | C23: Job Title: | E23: Signature*
A25: Date: | I25: ="Template Revision: "&Version_Code -> Template Revision: 9.11

Sheet Personnel Costs
A1: DETAILS OF BUDGET SUBMISSION: PERSONNEL COSTS (15% of Total Budget)
A2: Include here: All remuneration, allowances, and benefits paid to staff and advisors hired for a specific project. The payment of replacement salaries (to release academics from teaching commitments) or other team members' time spent on the project (i.e., of existing staff) must be justified in the context of research capacity building. As a general rule, IDRC does not pay salary supplements, i.e., honorarium for full-time employees in addition to their regular salaries or higher salaries than the institution would normally pay. Note: Personnel costs should not exceed 10% of the project budget unless you submitted a detailed rationale that is approved by NCST. What to include under Item of expenditure: Identify the position title. Example: Project Manager/ Project Leader/ Project Coordinator. What to include under budget notes and explanations: Specify the percentage of time dedicated to the project and any other criteria taken into account to calculate the amounts. Make sure to state benefits are included (when applicable). Example: 75,000 USD/year x 50% time dedication. Benefits included.
A3: Item of expenditure | B3: Year 1 1st Half | C3: Year 1 2nd Half | D3: Year 2 | E3: Year 3 | F3: Year 4 | G3: Year 5 | H3: Total | I3: Budget notes and explanations
H4: =SUM($B4:$G4) -> 0
H5: =SUM($B5:$G5) -> 0
H6: =SUM($B6:$G6) -> 0
H7: =SUM($B7:$G7) -> 0
H8: =SUM($B8:$G8) -> 0
H9: =SUM($B9:$G9) -> 0
H10: =SUM($B10:$G10) -> 0
H11: =SUM($B11:$G11) -> 0
H12: =SUM($B12:$G12) -> 0
H13: =SUM($B13:$G13) -> 0
H14: =SUM($B14:$G14) -> 0
H15: =SUM($B15:$G15) -> 0
H16: =SUM($B16:$G16) -> 0
A29: Total for Personnel | B29: =SUBTOTAL(109,OFFSET(B$3,1,0,ROW()-ROW(B$3)-1,1)) -> 0 | C29: =SUBTOTAL(109,OFFSET(C$3,1,0,ROW()-ROW(C$3)-1,1)) -> 0 | D29: =SUBTOTAL(109,OFFSET(D$3,1,0,ROW()-ROW(D$3)-1,1)) -> 0 | E29: =SUBTOTAL(109,OFFSET(E$3,1,0,ROW()-ROW(E$3)-1,1)) -> 0 | F29: =SUBTOTAL(109,OFFSET(F$3,1,0,ROW()-ROW(F$3)-1,1)) -> 0 | G29: =SUBTOTAL(109,OFFSET(G$3,1,0,ROW()-ROW(G$3)-1,1)) -> 0 | H29: =SUM($B29:$G29) -> 0

Sheet Research Costs
A1: DETAILS OF BUDGET SUBMISSION: RESEARCH EXPENSES (in project currency) - 45% of Total Budget
A2: Include here: All services and materials required to carry out the research. Costs include remuneration of persons who gather data and information or provide casual labour, honoraria paid to project advisors, maintenance and operation of project vehicles, consumable goods and non-capital equipment, computer services, training for project staff for implementation of research activities, in-country travel, reference materials, rent paid for land or premises used in a research activity, article processing charges (APCs) for recipients and sub-recipients, and translation of project-related documents. This also includes, if applicable, funds to be released to sub-recipients; whereas each sub-recipient needs to be entered as a separate line item - indirect costs for sub-recipient MUST be excluded from this category and included within Indirect Costs section. Any trainee’s registration and fees; living and other allowances; research and training expenses; and travel costs during the trainee’s participation in degree or diploma programs, short courses, student field work, postdoctoral training, or other scholarly activities. The training budget should be reported in four sub-categories based on the type of training being supported: PhD — study leading to a PhD degree; Masters — study leading to a Masters’ degree; Short Course — study leading to a diploma or certificate; or Other — all other scholarly activities (e.g., field work or postdoctoral study). Training for project staff that relates to the implementation of research activities should be shown under Research Expenses. This budget category should only be used if the project objectives is to provide training grants. Please use a budget note to: (1) estimate travel costs (if applicable); and (2) list other related training costs Use the "budget notes and explanations" section to present the breakdown calculation of the numbers budgeted per item. Example: Quality of care data Collection = 4 nurses collecting data for 4 months @ 650 USD/month per nurse.. Example: Training in Qualitative Research Methods- Modules 1-4 (University of Alberta) = fees for 1 year 1500 USD
A3: Item of expenditure | B3: Year 1 1st Half | C3: Year 1 2nd Half | D3: Year 2 | E3: Year 3 | F3: Year 4 | G3: Year 5 | H3: Total | I3: Budget notes and explanations
H4: =SUM($B4:$G4) -> 0
H5: =SUM($B5:$G5) -> 0
H6: =SUM($B6:$G6) -> 0
H7: =SUM($B7:$G7) -> 0
H8: =SUM($B8:$G8) -> 0
H9: =SUM($B9:$G9) -> 0
H10: =SUM($B10:$G10) -> 0
H11: =SUM($B11:$G11) -> 0
H12: =SUM($B12:$G12) -> 0
H13: =SUM($B13:$G13) -> 0
H14: =SUM($B14:$G14) -> 0
H15: =SUM($B15:$G15) -> 0
... H21: =SUM($B21:$G21) -> 0
A22: Total for Research | B22: =SUBTOTAL(109,OFFSET(B$3,1,0,ROW()-ROW(B$3)-1,1)) -> 0 | C22: =SUBTOTAL(109,OFFSET(C$3,1,0,ROW()-ROW(C$3)-1,1)) -> 0 | D22: =SUBTOTAL(109,OFFSET(D$3,1,0,ROW()-ROW(D$3)-1,1)) -> 0 | E22: =SUBTOTAL(109,OFFSET(E$3,1,0,ROW()-ROW(E$3)-1,1)) -> 0 | F22: =SUBTOTAL(109,OFFSET(F$3,1,0,ROW()-ROW(F$3)-1,1)) -> 0 | G22: =SUBTOTAL(109,OFFSET(G$3,1,0,ROW()-ROW(G$3)-1,1)) -> 0 | H22: =SUM($B22:$G22) -> 0

Sheet Equipment
A1: DETAILS OF BUDGET SUBMISSION: EQUIPMENT EXPENSES (15% of Total Budget)
A2: Include here: equipment that has a useful life of more than 1 year and costs more than USD 5,000 per item. Costs may include the basic purchase price, related sales taxes (net of government rebates), freight costs, and other costs associated with purchasing the equipment. The recipient institution is responsible for all insurance coverage, and IDRC does not assume responsibility for any losses. Note: Equipment should not exceed 15% of the project budget unless you submitted a detailed rationale that is approved by the NCST. Please provide a brief reference of the type of equipment to be purchased (Make, model, power etc). Example: WESTON industrial Fruit dehydrator MW100 100kg capacity/Stainless Steel = 17,800 USD
A3: Item of expenditure | B3: Year 1 1st Half | C3: Year 1 2nd Half | D3: Year 2 | E3: Year 3 | F3: Year 4 | G3: Year 5 | H3: Total | I3: Budget notes and explanations
H4: =SUM($B4:$G4) -> 0
H6: =SUM($B6:$G6) -> 0
H7: =SUM($B7:$G7) -> 0
H8: =SUM($B8:$G8) -> 0
H9: =SUM($B9:$G9) -> 0
H10: =SUM($B10:$G10) -> 0
H11: =SUM($B11:$G11) -> 0
H12: =SUM($B12:$G12) -> 0
H13: =SUM($B13:$G13) -> 0
H14: =SUM($B14:$G14) -> 0
H15: =SUM($B15:$G15) -> 0
H16: =SUM($B16:$G16) -> 0
... H21: =SUM($B21:$G21) -> 0
A22: Total for Equipment | B22: =SUBTOTAL(109,OFFSET(B$3,1,0,ROW()-ROW(B$3)-1,1)) -> 0 | C22: =SUBTOTAL(109,OFFSET(C$3,1,0,ROW()-ROW(C$3)-1,1)) -> 0 | D22: =SUBTOTAL(109,OFFSET(D$3,1,0,ROW()-ROW(D$3)-1,1)) -> 0 | E22: =SUBTOTAL(109,OFFSET(E$3,1,0,ROW()-ROW(E$3)-1,1)) -> 0 | F22: =SUBTOTAL(109,OFFSET(F$3,1,0,ROW()-ROW(F$3)-1,1)) -> 0 | G22: =SUBTOTAL(109,OFFSET(G$3,1,0,ROW()-ROW(G$3)-1,1)) -> 0 | H22: =SUM($B22:$G22) -> 0

Sheet Monitoring & Evaluation
A1: DETAILS OF BUDGET SUBMISSION: MONITORING & EVALUATION EXPENSES (in project currency) 10% of TOTAL BUDGET
A2: Include here: Expenses related to the systematic assessment of the project, program, policy, or strategic issue to assess either progress toward achieving objectives or the quality and effects of IDRC-funded activities. Evaluation may occur during an activity or after its completion. Evaluation costs can include: consultant fees; travel expenses; and dissemination of the evaluation findings. In projects where evaluation is the primary objective, costs may also include: research expenses; training; and salaries and benefits for personnel directly involved in the evaluation. Please use a budget note to: (1) indicate the daily rate used to calculate the consultant’s fee; (2) estimate travel costs (if applicable); and (3) list other related consultant costs. Example: Gender Indicators Evaluation: 1 day per week x 52 weeks at 470 USD /day= 24,440/year
A3: Item of expenditure | B3: Year 1 1st Half | C3: Year 1 2nd Half | D3: Year 2 | E3: Year 3 | F3: Year 4 | G3: Year 5 | H3: Total | I3: Budget notes and explanations
H4: =SUM(tbEvaluation[[#This Row],[Year 1 1st Half]:[Year 5]]) -> 0
H5: =SUM(tbEvaluation[[#This Row],[Year 1 1st Half]:[Year 5]]) -> 0
H6: =SUM(tbEvaluation[[#This Row],[Year 1 1st Half]:[Year 5]]) -> 0
H7: =SUM(tbEvaluation[[#This Row],[Year 1 1st Half]:[Year 5]]) -> 0
H8: =SUM(tbEvaluation[[#This Row],[Year 1 1st Half]:[Year 5]]) -> 0
H9: =SUM(tbEvaluation[[#This Row],[Year 1 1st Half]:[Year 5]]) -> 0
H10: =SUM(tbEvaluation[[#This Row],[Year 1 1st Half]:[Year 5]]) -> 0
H11: =SUM(tbEvaluation[[#This Row],[Year 1 1st Half]:[Year 5]]) -> 0
H12: =SUM(tbEvaluation[[#This Row],[Year 1 1st Half]:[Year 5]]) -> 0
H13: =SUM(tbEvaluation[[#This Row],[Year 1 1st Half]:[Year 5]]) -> 0
H14: =SUM(tbEvaluation[[#This Row],[Year 1 1st Half]:[Year 5]]) -> 0
H15: =SUM(tbEvaluation[[#This Row],[Year 1 1st Half]:[Year 5]]) -> 0
... H18: =SUM(tbEvaluation[[#This Row],[Year 1 1st Half]:[Year 5]]) -> 0
A19: Total for Evaluation | B19: =SUBTOTAL(109,OFFSET(B$3,1,0,ROW()-ROW(B$3)-1,1)) -> 0 | C19: =SUBTOTAL(109,OFFSET(C$3,1,0,ROW()-ROW(C$3)-1,1)) -> 0 | D19: =SUBTOTAL(109,OFFSET(D$3,1,0,ROW()-ROW(D$3)-1,1)) -> 0 | E19: =SUBTOTAL(109,OFFSET(E$3,1,0,ROW()-ROW(E$3)-1,1)) -> 0 | F19: =SUBTOTAL(109,OFFSET(F$3,1,0,ROW()-ROW(F$3)-1,1)) -> 0 | G19: =SUBTOTAL(109,OFFSET(G$3,1,0,ROW()-ROW(G$3)-1,1)) -> 0 | H19: =SUM($B19:$G19) -> 0

Sheet Knowledge Sharing and Research 
A1: DETAILS OF BUDGET SUBMISSION: Knowledge Sharing and Research EXPENSES (in project currency) 15% of Total BUDGET
A2: Include here: all costs related to international travel incurred by Project Personnel listed in the Personnel category of this budget proposal. Allowable costs include ground transportation, accommodation, meals, airfare, departure taxes, and other related expenses. If destination is not known at this phase, please provide estimation based of travel expenses indicating the region. Refer to the IDRC Per Diem rates when completing this table. Example: Air tickets for 3 trips/year x 2 persons@ 1,000 USD each in Latin America =6,000/year | I2: =HYPERLINK("https://www.idrc.ca/en/diems","For more information on IDRC Per Diem Rates click here") -> For more information on IDRC Per Diem Rates click here
A4: Item of expenditure | B4: Year 1 1st Half | C4: Year 1 2nd Half | D4: Year 2 | E4: Year 3 | F4: Year 4 | G4: Year 5 | H4: Total | I4: Budget notes and explanations
H5: 0
H6: 0
H7: 0
H8: 0
H9: 0
H10: 0
H11: 0
H12: 0
H13: 0
H14: 0
H15: 0
H16: =SUM($B16:$G16) -> 0
H17: =SUM($B17:$G17) -> 0
H18: =SUM($B18:$G18) -> 0
H19: =SUM($B19:$G19) -> 0
H20: =SUM($B20:$G20) -> 0
H21: =SUM($B21:$G21) -> 0
H22: =SUM($B22:$G22) -> 0
A23: Total for International Travel | B23: =SUBTOTAL(109,OFFSET(B$4,1,0,ROW()-ROW(B$4)-1,1)) -> 0 | C23: =SUBTOTAL(109,OFFSET(C$4,1,0,ROW()-ROW(C$4)-1,1)) -> 0 | D23: =SUBTOTAL(109,OFFSET(D$4,1,0,ROW()-ROW(D$4)-1,1)) -> 0 | E23: =SUBTOTAL(109,OFFSET(E$4,1,0,ROW()-ROW(E$4)-1,1)) -> 0 | F23: =SUBTOTAL(109,OFFSET(F$4,1,0,ROW()-ROW(F$4)-1,1)) -> 0 | G23: =SUBTOTAL(109,OFFSET(G$4,1,0,ROW()-ROW(G$4)-1,1)) -> 0 | H23: =SUM($B23:$G23) -> 0

Sheet Matching Support
A1: ESTIMATES OF MATCHING SUPPORT TO PROJECT (5% OF THE TOTAL BUDGET) OPTIONAL
A2: Local contributions represent: • cash amounts expended by the applicant from its own resources. • cash amounts from private grants, or from grants received from local, provincial or national authorities in their country of origin for the purpose of the project (other local contributions)
B3: Recipient contribution (includes cash and in-kind) | D3: Other local contribution | F3: Total by year | G3: Notes
A4: Year | B4: Amount (USD | C4: Currency | D4: Amount (MWK) | E4: Currency
A5: Year 1 | B5: 0 | F5: =SUM(B5,D5) -> 0
A6: Year 2 | B6: 0 | F6: =SUM(B6,D6) -> 0
A7: Year 3 | B7: 0 | F7: =SUM(B7,D7) -> 0
A8: Year 4 | B8: 0 | F8: =SUM(B8,D8) -> 0
A9: Year 5 | B9: 0 | D9: 0 | F9: =SUM(B9,D9) -> 0
A10: Total by contribution type | B10: =SUM(B5:B9) -> 0 | D10: =SUM(D5:D9) -> 0
A11: Overall total for project | B11: =B10+D10 -> 0
A14: Provide below details on Matching Support Contribution by budget category
A16: Budget category | B16: USD | C16: =C4 -> Currency | D16: Notes (in-kind contribution details)
A17: Personnel
A18: Consultants
A19: Evaluation
A20: Equipment
A21: International Travel
A22: Training
A23: Research
A24: Indirect Costs
A25: Total for Project | B25: =SUM(B17:B24) -> 0
B27: =B25-D10 -> 0

Sheet Indirect Costs
A1: DETAILS OF BUDGET SUBMISSION: INDIRECT PROJECT COSTS (in project currency)
A2: Include here: administrative costs not directly related to the research. Costs may include clerical, accounting, or secretarial help, general office expenses, office rental and utility charges, non-capital office furnishings, communications costs, and photocopying. IDRC expects the recipient to absorb the indirect or administrative costs of a project as part of its contribution to the project. Where the recipient contribution is covered under other budget categories, IDRC may consider a contribution towards indirect costs. The maximum contribution is up to 13% of all recipient-administered costs, including capital equipment, sub-recipients and sub-contractors administered cost. That maximum contribution may be shared between the proposing institution and the collaborating and must never exceed 13% in total. Example: Requested contribution towards indirect costs (8% of 387,000 USD)= 30,960
A3: Item of expenditure | B3: Year 1 1st Half | C3: Year 1 2nd Half | D3: Year 2 | E3: Year 3 | F3: Year 4 | G3: Year 5 | H3: Total | I3: Budget notes and explanations
H4: =SUM($B4:$G4) -> 0
H5: =SUM($B5:$G5) -> 0
H6: =SUM($B6:$G6) -> 0
H7: =SUM($B7:$G7) -> 0
H8: =SUM($B8:$G8) -> 0
H9: =SUM($B9:$G9) -> 0
H10: =SUM($B10:$G10) -> 0
H11: =SUM($B11:$G11) -> 0
H12: =SUM($B12:$G12) -> 0
H13: =SUM($B13:$G13) -> 0
H14: =SUM($B14:$G14) -> 0
H15: =SUM($B15:$G15) -> 0
... H21: =SUM($B21:$G21) -> 0
A22: Total for Indirect Costs | B22: =IF(IC_SheetPercent,ROUND(Summary!B15*IC_SheetPercent/1000000000,0),SUBTOTAL(109,OFFSET(B$3,1,0,ROW()-ROW(B$3)-1,1))) -> 0 | C22: =IF(IC_SheetPercent,ROUND(Summary!C15*IC_SheetPercent/270,0),SUBTOTAL(109,OFFSET(C$3,1,0,ROW()-ROW(C$3)-1,1))) -> 0 | D22: =IF(IC_SheetPercent,ROUND(Summary!D15*IC_SheetPercent/285,0),SUBTOTAL(109,OFFSET(D$3,1,0,ROW()-ROW(D$3)-1,1))) -> 0 | E22: =IF(IC_SheetPercent,ROUND(Summary!E15*IC_SheetPercent/145,0),SUBTOTAL(109,OFFSET(E$3,1,0,ROW()-ROW(E$3)-1,1))) -> 0 | F22: =IF(IC_SheetPercent,ROUND(Summary!F15*IC_SheetPercent/122.5,0),SUBTOTAL(109,OFFSET(F$3,1,0,ROW()-ROW(F$3)-1,1))) -> 0 | H22: =SUM($B22:$G22) -> 0
A24: Set or Clear Fixed % | B24: 10 | D24: Indirect Costs | G24: Overall: | H24: =IF(Summary!H15 <> 0,H22/Summary!H15,0) -> 0

Sheet Consolidated
A1: CONSOLIDATED BUDGET SUMMARY (ONLY TO BE USED FOR JOINT APPLICATIONS FOR RESEARCH GRANTS)
A2: This summary must be completed by the project leader when more than one institution will receive IDRC funds for the same collaborative research. Each collaborating institution must complete their own set of budget forms (Section D). This form summarizes the budget of each institution over the life of the project. Only one narrative project proposal needs to be submitted.
A3: Budget category ¯ | B3: Institution 1 | C3: Institution 2 | D3: Institution 3 | E3: =AND(OR(B5=C5,C5=""),OR(C5=D5,D5="")) -> TRUE
A4: Name of institution ®
A5: Currency of institution † | E5: Total ††
A6: Personnel | E6: =IF(E$3,SUM(B6:D6),"N/A") -> 0
A7: Consultants | E7: =IF(E$3,SUM(B7:D7),"N/A") -> 0
A8: Evaluation | E8: =IF(E$3,SUM(B8:D8),"N/A") -> 0
A9: Equipment | E9: =IF(E$3,SUM(B9:D9),"N/A") -> 0
A10: International travel | E10: =IF(E$3,SUM(B10:D10),"N/A") -> 0
A11: Training | E11: =IF(E$3,SUM(B11:D11),"N/A") -> 0
A12: Research expenses | E12: =IF(E$3,SUM(B12:D12),"N/A") -> 0
A13: Indirect project costs | E13: =IF(E$3,SUM(B13:D13),"N/A") -> 0
A14: Total in project currency of institution | B14: =SUM(B$6:B$13) -> 0 | C14: =SUM(C$6:C$13) -> 0 | D14: =SUM(D$6:D$13) -> 0 | E14: =IF(E$3,SUM(B14:D14),"N/A") -> 0
A15: † Currency of project used by institution — will vary when collaborating institutions are in different countries.
A16: †† Row totals are only relevant if the budgets of all the institutions are in the same currency.
B17: Consolidated Budget Summary Worksheet

Sheet Tables
A1: CURRENCIES_TABLE | G1: YES/NO TABLE
A2: Canadian Dollar | B2: CAD | G2: Yes/Oui | H2: 1
A3: US Dollar | B3: USD | G3: No/Non | H3: 0
A4: CFA Franc BCEAO | B4: XOF
A5: Jordanian Dinar | B5: JOD
A6: Kenyan Shilling | B6: KES
A7: Indian Rupee | B7: INR
A8: Peso Uruguayo | B8: UYU
A9: *************************
A10: Afghani | B10: AFN
A11: Algerian Dinar | B11: DZD
A12: Argentine Peso | B12: ARS
A13: Armenian Dram | B13: AMD
A14: Aruban Florin | B14: AWG | E14: Revision: | F14: 9.11 | G14: Rev 0
A15: Australian Dollar | B15: AUD | E15: Check Locked | F15: FALSE
A16: Azerbaijanian Manat | B16: AZN
A17: Bahamian Dollar | B17: BSD
A18: Bahraini Dinar | B18: BHD
A19: Baht | B19: THB
A20: Balboa | B20: PAB
A21: Barbados Dollar | B21: BBD
A22: Belarussian Ruble | B22: BYN
A23: Belize Dollar | B23: BZD
A24: Bermudian Dollar | B24: BMD
A25: Bolivar (Venezuela) | B25: VES
A26: Boliviano | B26: BOB
A27: Brazilian Real | B27: BRL
... A166: Zloty | B166: PLN
